details: 'anti ne mirror'

« prev index next »

General information

Mini Map

Players

team 1
NightElfLW-Stupidus (teal | 79 APM | 1858 actions | 23:26)
Hero icon 6 Demon Hunter
Ability icon 2 Mana Burn
Ability icon 3 Evasion
Ability icon 1 Metamorphosis
Hero icon 4 Pandaren Brewmaster
Ability icon 2 Breath of Fire
Ability icon 2 Drunken Haze

» actions
Assign group hotkey62
Basic commands154
Build / train97
ESC pressed5
Enter build submenu25
Enter hero's abilities submenu10
Give item / drop item1
Remove unit from queue2
Right click807
Select / deselect345
Select group hotkey263
Use ability87
1858 total
» units
Wisp37
Archer3
Huntress5
Dryad8
Druid of the Claw4
Glaive Thrower2
Chimaera1
60 total
» upgrades
Druid of the Claw Training2
Strength of the Wild2
Vorpal Blades1
Corrosive Breath1
6 total
» buildings
Altar of Elders1
Moon Well7
Ancient of War3
Hunter's Hall1
Tree of Life2
Tree of Ages1
Ancient Protector3
Ancient of Lore3
Ancient of Wonders1
Ancient of Wind1
Tree of Eternity1
Chimaera Roost3
27 total
» build order
00:11 Altar of Elders
00:17 Moon Well
00:41 Ancient of War
01:42 Moon Well
02:39 Ancient of War
02:42 Hunter's Hall
03:22 Moon Well
04:36 Moon Well
05:20 Tree of Life
05:51 Tree of Ages
07:03 Ancient Protector
07:05 Ancient Protector
08:34 Ancient of Lore
08:34 Ancient of Lore
09:06 Ancient of Wonders
11:14 Ancient of Wind
12:23 Tree of Eternity
13:21 Ancient of Lore
13:46 Moon Well
15:40 Chimaera Roost
16:29 Chimaera Roost
16:29 Chimaera Roost
17:40 Tree of Life
17:55 Moon Well
18:19 Ancient Protector
22:05 Moon Well
22:38 Ancient of War
» items
Scroll of Town Portal5
Potion of Healing3
Lesser Clarity Potion2
Scroll of Healing2
Scroll of Protection1
Staff of Preservation1
Potion of Mana1
15 total
team 2
Random» NightElfg4it-kast1x (pink | 126 APM | 2940 actions | 23:24)
Hero icon 5 Priestess of the Moon
Ability icon 2 Searing Arrows
Ability icon 3 Trueshot Aura
Hero icon 2 Naga Sea Witch
Ability icon 1 Frost Arrows
Ability icon 1 Forked Lightning

» actions
Assign group hotkey8
Basic commands322
Build / train100
ESC pressed3
Enter build submenu30
Enter hero's abilities submenu7
Remove unit from queue1
Right click1270
Select / deselect910
Select group hotkey203
Use ability86
2940 total
» units
Wisp40
Huntress15
Glaive Thrower3
Dryad13
71 total
» upgrades
Strength of the Moon1
Abolish Magic1
Strength of the Wild1
Reinforced Hides1
4 total
» buildings
Altar of Elders1
Moon Well8
Hunter's Hall1
Ancient of War2
Ancient Protector7
Tree of Life2
Tree of Ages1
Ancient of Lore2
24 total
» build order
00:13 Altar of Elders
00:19 Moon Well
01:43 Hunter's Hall
01:44 Ancient of War
01:54 Moon Well
02:23 Ancient of War
02:46 Moon Well
03:51 Ancient Protector
05:55 Tree of Life
06:07 Moon Well
06:31 Moon Well
06:46 Moon Well
07:37 Moon Well
08:45 Tree of Life
08:50 Ancient Protector
08:53 Ancient Protector
10:28 Tree of Ages
13:21 Ancient of Lore
13:24 Ancient of Lore
17:30 Ancient Protector
18:13 Ancient Protector
20:46 Moon Well
22:29 Ancient Protector
22:43 Ancient Protector
» items
Scroll of Protection2
Scroll of Healing4
Dust of Appearance1
Potion of Lesser Invulnerability1
Scroll of Town Portal3
Boots of Speed1
12 total